 Dungeon Crawl Stone Soup version 0.31.0-1-g2c135a0 (webtiles) character file.

Game seed: 5812772374009101239

233 brinewave the Covered (level 5, 0/48 HPs)
             Began as a Minotaur Fighter on Jan 26, 2024.
             Slain by a black bear (3 damage)
             ... on level 4 of the Dungeon.
             The game lasted 00:05:19 (1579 turns).

brinewave the Covered (Minotaur Fighter)            Turns: 1579, Time: 00:05:20

Health: 0/48       AC: 10    Str: 23    XL:     5   Next: 75%
Magic:  4/4        EV:  9    Int:  5    God:
Gold:   111        SH:  4    Dex:  9    Spells: 4/4 levels left

rFire   . . .        a - +0 war axe
rCold   . . .        c - +0 buckler
rNeg    . . .        b - +0 scale mail
rPois   .            (helmet restricted)
rElec   .            (no cloak)
rCorr   +            (no gloves)
SInv    .            e - +2 pair of boots
Will    .....        (no amulet) Stlth
                     m - ring of resist corrosion
HPRegen 0.28/turn    q - ring of flight
MPRegen 0.09/turn

%: no passive effects
@: flying
A: horns 2, retaliatory headbutt
a: no special abilities


You were on level 4 of the Dungeon.
You visited 1 branch of the dungeon, and saw 4 of its levels.

You collected 111 gold pieces.

Inventory:

Hand Weapons
 a - a +0 war axe (weapon)
 j - a +0 heavy flail
Missiles
 f - 10 stones (quivered)
 n - 6 boomerangs
 p - 2 poisoned darts
Armour
 b - a +0 scale mail (worn)
 c - a +0 buckler (worn)
 e - a +2 pair of boots (worn)
Jewellery
 m - a ring of resist corrosion (left hand)
 q - a ring of flight (right hand)
Potions
 d - 2 potions of might


   Skills:
 + Level 5.0 Fighting
 + Level 4.2 Axes
 + Level 5.0 Armour
 + Level 5.0 Shields


You had 4 spell levels left.
You didn't know any spells.
Your spell library was empty.

Dungeon Overview and Level Annotations

Branches:
Dungeon (3/15)

Altars:
Trog

Annotations:
D:2 1 runed translucent door, Crazy Yiuf


Innate Abilities, Weirdness & Mutations

You have a pair of horns on your head.
You reflexively headbutt those who attack you in melee.


Message History

A magic dart appears from out of thin air!
The magic dart hits you.
* * * LOW HITPOINT WARNING * * *
The black bear bites you but does no damage.
The black bear barely misses you.
The black bear claws you but does no damage.
The ribbon worm expels a string of sticky webbing.
The stream of webbing hits you but does no damage.
You are caught in a web!
The web tears apart.
An orc wizard appears from thin air!
Reactivating autopickup.
The black bear bites you.
* * * LOW HITPOINT WARNING * * *
The black bear completely misses you. You block the black bear's attack.
Something hits you but does no damage.
Deactivating autopickup; reactivate with Ctrl-A.
The black bear bites you.
* * * LOW HITPOINT WARNING * * *
The black bear claws you but does no damage.
You block the black bear's attack.
You miss something. You slash the black bear! You closely miss the black bear.
The black bear misses you. You furiously retaliate!
You headbutt the black bear. The black bear claws you.
* * * LOW HITPOINT WARNING * * *
The black bear claws you but does no damage.
You hear some strange, mumbled words.
Something tries to affect you, but you resist.
The black bear bites you but does no damage.
The black bear claws you but does no damage.
The black bear barely misses you.
You hit the black bear but do no damage.
The black bear is heavily wounded.
You slash the black bear! You hit something but do no damage.
The black bear bites you.
* * * LOW HITPOINT WARNING * * *
The black bear claws you but does no damage. x2
Something hits you.
* * * LOW HITPOINT WARNING * * *
The black bear bites you.
You die...

#........####.#
§§§§§☼§§§§#§§☼§#
§§☼§§§☼§§☼§§§§§#
#§§§§§§§§☼☼§§§§#
§§§§§§§§§§§§§§§#
#§§§☼§§☼§§§§§§§#
#§§§§§§oo§§§§#.#
#§§☼§h{hwo§##.#
##☼§§☼@§#.##.o#
########.##w.##
#.##...#
#.##.#....s.#
#######.##.##.P.P..
........##.# h._w..
##.........#...P...
#.####............
# #.##.##......


You could see 2 black bears, a ribbon worm (catching breath), an orc wizard and
2 orcs.

Vanquished Creatures
  A sky beast (D:4)
  A scorpion (D:4)
  2 gnolls (D:1)
  An adder (D:2)
  A dart slug (D:1)
  A ribbon worm (D:2)
  An orc (D:4)
  4 ball pythons
  6 endoplasms
  2 giant cockroaches
  4 goblins
  5 hobgoblins
  2 jackals (D:4)
  4 quokkas
  3 bats (D:2)
  3 frilled lizards
  A kobold (D:1)
  6 rats (D:1)
48 creatures vanquished.

Notes
Turn   | Place    | Note
-------+----------+-------------------------------------------
     0 | D:1      | brinewave the Minotaur Fighter began the quest for the Orb.
     0 | D:1      | Reached XP level 1. HP: 19/19 MP: 0/0
   172 | D:1      | Reached XP level 2. HP: 27/27 MP: 1/1
   386 | D:1      | Reached XP level 3. HP: 33/33 MP: 2/2
   987 | D:2      | Reached XP level 4. HP: 40/40 MP: 3/3
  1308 | D:2      | Found a runed translucent door.
  1309 | D:2      | Noticed Crazy Yiuf
  1476 | D:3      | You are sucked into a shaft and drop 1 floor!
  1481 | D:4      | Noticed a sky beast
  1501 | D:4      | Killed a sky beast
  1502 | D:4      | Reached XP level 5. HP: 41/47 MP: 4/4
  1539 | D:4      | Found a bloodstained altar of Trog.
  1539 | D:4      | Noticed a black bear
  1539 | D:4      | Noticed a black bear
  1570 | D:4      | Reached skill level 5 in Armour
  1571 | D:4      | Reached skill level 5 in Fighting
  1573 | D:4      | Reached skill level 5 in Shields
  1579 | D:4      | Slain by a black bear

Illustrated notes

Levels and vault maps discovered:
D:1:      spicycebolla_arrival_xxxplode, layout_basic, corexii_corridor_pit,
          chequers_serial_rivers_micro_d
D:2:      layout_rooms, serial_rivers, chequers_serial_rivers_small_3,
          chequers_serial_rivers_small_3, chequers_serial_rivers_marsh,
          chequers_serial_rivers_large_a, corner_web_ring,
          uniq_crazy_yiuf_cottage
D:3:      layout_rooms, grunt_temple_overflow_champion_of_chaos,
          nicolae_uskayaw_suspiria, portal_sewer_entry_b
D:4:      layout_rooms, trog_ov_bears_minmay, kennysheep_mini

Skill      XL: |  1  2  3  4  5 |
---------------+----------------+-----
Fighting       | 4 5 |  5.0
Axes           | 3 4 |  4.2
Armour         | 4 5 |  5.0
Shields        | 4 5 |  5.0

Action                     |  1- 3 |  4- 6 || total
---------------------------+-------+-------++-------
  Melee: War axe           |    32 |    23 ||    55
         Headbutt          |     9 |     1 ||    10
         Flail             |    48 |     1 ||    49
  Throw: Dart              |       |     3 ||     3
    Use: Scroll            |       |     7 ||     7
 Armour: Scale mail        |    52 |    62 ||   114
  Dodge: Dodged            |    38 |    21 ||    59
  Block: Buckler           |    26 |    16 ||    42
